 Dungeon Crawl Stone Soup version 0.19.1 (webtiles) character file.

3231 CanadianGator the Basher (level 9, -8/56 HPs)
             Began as a Gargoyle Fighter on Nov 28, 2016.
             Was an Initiate of Ru.
             Killed by divine providence
             ... invoked by an orc priest
              (9 damage)
             ... on level 8 of the Dungeon.
             The game lasted 00:20:54 (7191 turns).

CanadianGator the Basher (Gargoyle Fighter)         Turns: 7191, Time: 00:20:55

Health: -8/56      AC: 21    Str: 22      XL:     9   Next: 98%
Magic:  0/9        EV:  9    Int:  7 (9)  God:    Ru [......]
Gold:   110        SH:  0    Dex:  7 (10) Spells: 0 memorised, 8 levels left

rFire  . . .     SeeInvis .     G - +0 lajatang
rCold  . . .     Gourm    .     P - +0 chain mail (curse)
rNeg   + . .     Faith    .     (shield currently unavailable)
rPois  ∞         Spirit   +     (no helmet)
rElec  +         Reflect  .     n - +0 cloak
rCorr  +         Harm     .     D - +0 pair of gloves
MR     .....     Rnd*Rage +     H - +0 pair of boots
Stlth  ..........               K - amulet of guardian spirit
                                (no ring)
                                z - ring of resist corrosion

@: no status effects
A: icy blue scales 1, berserk 1, deterioration 2, mutation resistance 1,
negative energy resistance 1, electricity resistance, unbreathing, petrification
resistance, rot immunity, no stealth, AC +5
a: Renounce Religion


You were on level 8 of the Dungeon.
You worshipped Ru.
Ru was noncommittal.
You were not hungry.

You visited 2 branches of the dungeon, and saw 9 of its levels.

You collected 432 gold pieces.
You spent 322 gold pieces at shops.

Inventory:

Hand Weapons
 a - a +0 flail
 g - a +0 quarterstaff
 F - the +2 hunting sling of Nirphah {venom, rPois rN+ Int-4 Dex+3}
   (You found it on level 4 of the Dungeon)

   It poisons the ammo it fires.
   It affects your intelligence (-4).
   It affects your dexterity (+3).
   It protects you from poison.
   It protects you from negative energy.
 G - a +0 lajatang (weapon)
Armour
 n - a +0 cloak (worn)
 D - a +0 pair of gloves (worn)
 H - a +0 pair of boots (worn)
 P - a cursed +0 chain mail (worn)
Jewellery
 z - a ring of resist corrosion (left hand)
 K - an amulet of guardian spirit (around neck)
 O - an uncursed amulet of magic regeneration
Wands
 c - a wand of iceblast (4/15)
 y - a wand of teleportation (9/9)
 B - a wand of flame (25/48)
 M - a wand of iceblast (3/15)
Scrolls
 b - a scroll of silence {unknown}
 e - a scroll of enchant weapon {unknown}
 i - 7 scrolls of recharging
 j - a scroll of immolation
 l - 2 scrolls of magic mapping {unknown}
 m - 3 scrolls of noise
 r - 2 scrolls of teleportation {unknown}
 u - a scroll of fog {unknown}
 w - 6 scrolls of remove curse
 x - 2 scrolls of blinking {unknown}
 A - 2 scrolls of amnesia {unknown}
 C - a scroll of identify
 J - 2 scrolls of enchant armour {unknown}
Potions
 d - 2 potions of might
 h - a potion of lignification
 q - a potion of curing
 s - a potion of brilliance {unknown}
 v - 2 potions of invisibility
 I - a potion of cure mutation {unknown}
 N - a potion of agility {unknown}
Comestibles
 f - 2 bread rations
 k - 2 chunks of flesh
 o - 5 meat rations
 p - a royal jelly
 t - 4 fruits
 E - 2 slices of pizza


   Skills:
 + Level 6.6 Fighting
 * Level 8.2(8.5) Maces & Flails
 + Level 3.6(6.3) Staves
 + Level 6.8 Armour
 + Level 4.2 Dodging
   Level 6.2 Shields


You had 8 spell levels left.
You didn't know any spells.

Dungeon Overview and Level Annotations

Branches:
Dungeon (8/15)             Temple (1/1) D:5
   Lair: D:8-11

Altars:
Ashenzari
Cheibriados
Dithmenos
Elyvilon
Fedhas
Gozag
Hepliaklqana
Kikubaaqudgha
Makhleb
Nemelex Xobeh
Okawaru
Qazlal
Ru
Sif Muna
Trog
Uskayaw
Vehumet
Xom
Yredelemnul
Zin
The Shining One

Shops:
D:4 (   D:6 [


Innate Abilities, Weirdness & Mutations

You are resistant to torment.
Your stone body is resilient. (AC +5)
You are immune to poison.
You resist negative energy. (rN+)
You are resistant to electric shocks. (rElec)
You can survive without breathing.
You are immune to petrification.
You are immune to rotting.
You cannot be stealthy.
You are partially covered in icy blue scales. (AC +2)
You tend to lose your temper in combat.
Your body often deteriorates upon taking damage.
You are somewhat resistant to further mutation.


Message History

* * * LOW HITPOINT WARNING * * *
Your body deteriorates!
You feel dopey.
You feel better. The orc hits you but does no damage.
The yak gores you but does no damage.
The orc priest hits you but does no damage.
A sky beast appears from thin air!
Reactivating autopickup.
The sky beast hits you.
* * * LOW HITPOINT WARNING * * *
The sky beast shocks you. You resist.
* * * LOW HITPOINT WARNING * * *
The crocodile bites you!
* * * LOW HITPOINT WARNING * * *
Your body deteriorates!
You feel clumsy.
You completely miss the crocodile.
The crocodile is almost dead.
The orc hits you but does no damage. The yak gores you but does no damage.
The orc priest calls down the wrath of Beogh upon you.
Beogh smites you!
You die...

#≈##.#
#.##.######..
#≈#..#
#.##.#}........#
#≈##.#
#.##.#.........#
≈≈≈#.#
#.##.#.........#
≈≈≈#.#
#.##.#.........#
≈≈⌠#.#
#.##.#.........#
####.#
#.##............
.....#
#.##....Yt......
####.#
#.##....@Yo.$...
#.#
#(.).....o......
#.#
###..######≈...#
####.# #..# ....
.....# ##.# #..
###### #.# .
<....# #.#
####.# #.# # #.#
..


You could see a yak, a crocodile, a sky beast, an orc priest and an orc.

Vanquished Creatures
  Joseph (D:8)
  A hippogriff (D:8)
  An orc warrior (D:8)
  A black bear (D:7)
  A sky beast (D:6)
  A phantom (D:8)
  A necrophage (D:8)
  5 ogres
  A centaur (D:5)
  A big kobold (D:5)
  6 bullfrogs
  A scorpion (D:7)
  5 wights (D:6)
  A howler monkey (D:4)
  6 crimson imps
  2 jellies
  3 hounds
  4 orc priests
  A bullfrog skeleton (D:2)
  2 orc wizards
  Terence (D:3)
  An iguana (D:5)
  Natasha (thrice) (D:3)
  4 worker ants
  A hound zombie (D:5)
  A hound skeleton (D:5)
  2 worker ant zombies
  A howler monkey skeleton (D:4)
  8 adders
  5 shadow imps
  An adder skeleton (D:4)
  2 worms
  2 dart slugs
  6 leopard geckos
  21 orcs
  7 bats
  14 giant cockroaches
  5 goblins
  8 hobgoblins
  7 jackals
  6 kobolds
  5 quokkas
  4 ball pythons
  3 frilled lizards
  A jackal zombie (D:8)
  A leopard gecko zombie (D:6)
  A quokka skeleton (D:4)
  6 rats
172 creatures vanquished.

Notes
Turn   | Place    | Note
-------+----------+-------------------------------------------
     0 | D:1      | CanadianGator the Gargoyle Fighter began the quest for the Orb.
     0 | D:1      | Reached XP level 1. HP: 14/14 MP: 1/1
   172 | D:1      | Reached XP level 2. HP: 19/19 MP: 2/2
   871 | D:2      | Reached XP level 3. HP: 23/23 MP: 3/3
  1191 | D:2      | Reached XP level 4. HP: 22/29 MP: 4/4
  1424 | D:2      | Reached skill level 1 in Dodging
  1662 | D:2      | Reached skill level 3 in Maces & Flails
  1758 | D:3      | Noticed Natasha
  1758 | D:3      | Reached XP level 5. HP: 23/33 MP: 5/5
  1766 | D:3      | Killed Natasha
  1972 | D:3      | Found a shimmering altar of Xom.
  1984 | D:3      | Noticed Natasha
  1993 | D:3      | Killed Natasha
  2025 | D:3      | Noticed Terence
  2051 | D:3      | Killed Terence
  2051 | D:3      | Reached XP level 6. HP: 29/38 MP: 6/6
  2104 | D:3      | Reached skill level 4 in Maces & Flails
  2117 | D:3      | Found a faded altar of an unknown god.
  2125 | D:3      | Noticed Natasha
  2139 | D:3      | Killed Natasha
  2564 | D:4      | Reached XP level 7. HP: 38/44 MP: 7/7
  2695 | D:4      | Reached skill level 5 in Shields
  2705 | D:4      | Found Voek's Weapon Emporium.
  2956 | D:4      | Reached skill level 5 in Maces & Flails
  3247 | D:4      | Got a translucent hunting sling
  3248 | D:4      | Identified the +2 hunting sling of Nirphah {venom, rPois rN+ Int-4 Dex+3} (You found it on level 4 of the Dungeon)
  3342 | D:4      | Bought a +0 lajatang for 210 gold pieces
  3354 | D:5      | Entered Level 5 of the Dungeon
  3557 | D:5      | Gained mutation: You tend to lose your temper in combat. [potion of mutation]
  3557 | D:5      | Gained mutation: You are partially covered in icy blue scales. (AC +2) [potion of mutation]
  3557 | D:5      | Gained mutation: Your body sometimes deteriorates upon taking damage. [potion of mutation]
  3572 | D:5      | Reached skill level 5 in Fighting
  3572 | D:5      | Reached skill level 1 in Staves
  3572 | D:5      | Reached XP level 8. HP: 48/49 MP: 8/8
  3609 | D:5      | Reached skill level 5 in Armour
  3795 | D:5      | Found a staircase to the Ecumenical Temple.
  3854 | Temple   | Entered the Ecumenical Temple
  4086 | Temple   | Became a worshipper of Ru the Awakened
  4883 | D:6      | Reached skill level 6 in Maces & Flails
  5097 | D:6      | HP: 2/50 [wight/great sword (9)]
  5112 | D:6      | Gained mutation: Your body often deteriorates upon taking damage. [mutagenic meat]
  5113 | D:6      | Gained mutation: You are somewhat resistant to further mutation. [mutagenic meat]
  5468 | D:6      | Gained mutation: You cannot be stealthy. [Ru sacrifice]
  5547 | D:6      | Reached XP level 9. HP: 47/55 MP: 9/9
  5576 | D:6      | Found Ybiej's Antique Armour Shop.
  5584 | D:6      | Bought a cloak for 112 gold pieces
  6230 | D:7      | Reached skill level 7 in Maces & Flails
  6968 | D:8      | Found an iron altar of Okawaru.
  6985 | D:8      | Found a snail-covered altar of Cheibriados.
  7134 | D:8      | Noticed Joseph
  7165 | D:8      | Killed Joseph
  7165 | D:8      | Reached skill level 8 in Maces & Flails
  7190 | D:8      | HP: 1/56 [crocodile (8)]
  7191 | D:8      | Killed from afar by an orc priest

Skill      XL: |  1  2  3  4  5  6  7  8  9 |
---------------+----------------------------+-----
Fighting       | 4 5 6 |  6.6
Dodging        | 1 2 3 4 |  4.2
Maces & Flails | 3 4 5 6 8 |  8.2
Shields        | 4 5 6 |  6.2
Armour         | 4 5 6 |  6.8
Staves         | 1 2 3 |  3.6

Action                   |  1- 3 |  4- 6 |  7- 9 || total
-------------------------+-------+-------+-------++-------
Melee: Flail             |   149 |   204 |    58 ||   411
       Lajatang          |       |       |   384 ||   384
Invok: Sacrifice Stealth |       |       |     1 ||     1
  Use: Potion            |       |     2 |     7 ||     9
       Scroll            |       |       |    10 ||    10
  Eat: Chunk             |       |     4 |    14 ||    18
       Bread ration      |       |     1 |     1 ||     2
Armor: Scale mail        |   102 |   103 |   193 ||   398
       Chain mail        |       |       |   197 ||   197
Dodge: Dodged            |    57 |    60 |   329 ||   446
Block: Shield            |    91 |    93 |    32 ||   216
